[Event "Early-Titled-Tuesday-Blitz-April-16-2024"]
[Site "Chess.com"]
[Date "2024.04.16"]
[Round "8"]
[White "Vesper2018"]
[Black "TheoSlade"]
[Result "1-0"]
[WhiteElo "2557"]
[BlackElo "2381"]
[TimeControl "180+1"]
[EndTime "9:30:26 PDT"]
[Termination "Vesper2018 won by resignation"]

1. e4 e5 2. Nf3 Nc6 3. Bb5 Nf6 4.
d3 Bc5 5. c3 O-O 6. O-O d6 7.
Re1 Ne7 8. d4 exd4 9. cxd4 Bb6 10. Nc3 Bg4 11. Be3 d5 12. e5 Ne4 13. h3 Bh5 14. g4 Bg6 15. Nd2 Nxd2 16. Qxd2 f6 17.
exf6 Rxf6 18. Bg5 Rf7 19. Re2 c6 20. Ba4 Qd7 21. Rae1 Nc8 22. Re8+ Rf8 23. Rxf8+ Kxf8 24. Qf4+ Qf7 25. Nxd5 Qxf4 26. Nxf4 Ba5 27. Re2 Nb6 28.
Bb3 Nd5 29. Nxd5 cxd5 30. Bxd5 Bd8 31. Bxb7 Rb8 32. Bxd8 Rxd8 33. d5 Bd3 34. Rd2 Be4 35. f3 Bb1 36. b3 Ke7 37. a4 Kd6 38. Kf2 Rb8 39. Bc6 Rxb3 40. Re2 g5 41. Re6+ Kc7 42. Re7+ Kd6 43. Rxa7 Rb2+ 44. Kg3 Rb3 45. Rd7+ Ke5 46. Re7+ Kd6 47. Re6+ Kc7 48. Bb5 Bc2 49. d6+ Kb7 50.
d7 Bd1 51. d8=Q Rxf3+ 52. Kg2 1-0

[Event "Early-Titled-Tuesday-Blitz-April-16-2024"]
[Site "Chess.com"]
[Date "2024.04.16"]
[Round "8"]
[White "Alexei_Gubajdullin"]
[Black "Aleksandar-Topalov"]
[Result "1-0"]
[WhiteElo "2612"]
[BlackElo "2340"]
[TimeControl "180+1"]
[EndTime "9:30:26 PDT"]
[Termination "Alexei_Gubajdullin won on time"]

1. Nf3 e6 2. g3 f5 3. Bg2 Nf6 4. O-O Be7 5. b3 O-O 6. Bb2 d6 7. c4 e5 8. d3 Nc6 9. Nc3 Qe8 10. Nd2 Qh5 11. e3 Qh6 12. Nd5 Nxd5 13. cxd5 Nb8 14. Rc1 Bd8 15. f4 Nd7 16. Nf3 Re8 17. Qd2 Nf6 18. Ng5 Ng4 19. h3 Nf6 20. Ne6 Bxe6 21. dxe6 Rxe6 22. fxe5 dxe5 23. Rxf5 e4 24. dxe4 c6 25.
e5 Nd5 26. Qf2 Bb6 27. Bd4 Nxe3 28. Bxb6 axb6 29. Rf7 Nxg2 30. Rf1 Qe3 31. Kxg2 Qxf2+ 32. R1xf2 Rxe5 33. Rxb7 b5 34. Rc7 Re6 35. h4 h5 36.
Kh3 Rg6 37. Rc2 Ra6 38. Re7 Rf6 39. Re5 g6 40. Re7 Rf7 41. Re8+ Kg7 42. Rc8 Rf6 43. Rc7+ Kh6 44. Re2 g5 45. hxg5+ Kxg5 46. Re5+ Kg6 47. Kh4 Rxa2 48. Rg5+ Kh6 49. Rxh5+ Kg6 50. Rg5+ Kh6 51.
Rg8 1-0

[Event "Early-Titled-Tuesday-Blitz-April-16-2024"]
[Site "Chess.com"]
[Date "2024.04.16"]
[Round "8"]
[White "lrjchess"]
[Black "LikeWater"]
[Result "1-0"]
[WhiteElo "2487"]
[BlackElo "2573"]
[TimeControl "180+1"]
[EndTime "9:30:28 PDT"]
[Termination "lrjchess won by resignation"]

1. e4 e6 2. d4 d5 3. Nc3 dxe4 4. Nxe4 Bd7 5. Nf3 Bc6 6. Bd3 Nd7 7. O-O Ngf6 8. Ng3 g6 9. c4 Bg7 10. b3 O-O 11.
Bb2 a5 12. a3 b6 13. Qe2 Qb8 14. h4 Qb7 15. Ne1 a4 16. b4 b5 17. cxb5 Bd5 18. h5 Rfe8 19. hxg6 hxg6 20. f4 Nb6 21. Nc2 Rad8 22. Ne3 Be4 23. Nxe4 Nxe4 24. Qf3 f5 25. Rac1 Bxd4 26. Bxe4 fxe4 27. Qg3 Bxb2 28. Qxg6+ Bg7 29. f5 Rf8 30. f6 Rxf6 31. Rxf6 c5 32. bxc6 Qe7 33.
Rxe6 Qa7 34. c7 1-0

[Event "Early-Titled-Tuesday-Blitz-April-16-2024"]
[Site "Chess.com"]
[Date "2024.04.16"]
[Round "8"]
[White "santosalberto1987"]
[Black "azikom"]
[Result "0-1"]
[WhiteElo "2573"]
[BlackElo "2713"]
[TimeControl "180+1"]
[EndTime "9:30:30 PDT"]
[Termination "azikom won by resignation"]

1. e4 c6 2. c4 d5 3. exd5 cxd5 4. cxd5 Nf6 5. Qa4+ Nbd7 6. Bc4 g6 7. Nc3 Bg7 8.
Nf3 O-O 9. d3 a6 10. Qa3 b6 11.
O-O Bb7 12. Re1 Re8 13. h3 b5 14. Bb3 Nb6 15. d6 Bxf3 16. gxf3 exd6 17. Rxe8+ Nxe8 18. Be3 Nd7 19. Bd5 Rb8 20. Qxa6 Nc5 21. Qa7 Nc7 22. d4 Nd3 23. Bb3 Nxb2 24. Nd5 Ne6 25. Rc1 Ra8 26. Qb7 Nc4 27. Qxb5 Nxe3 28. fxe3 Nxd4 29.
exd4 Qg5+ 30. Kh2 Qxc1 31. Qb7 Rf8 32. Ne7+ Kh8 33. Qd5 Qf4+ 34. Kh1 Bxd4 35. Nc6 Qc1+ 0-1

[Event "Early-Titled-Tuesday-Blitz-April-16-2024"]
[Site "Chess.com"]
[Date "2024.04.16"]
[Round "8"]
[White "Salem-AR"]
[Black "Iball95"]
[Result "1-0"]
[WhiteElo "3030"]
[BlackElo "2890"]
[TimeControl "180+1"]
[EndTime "9:30:31 PDT"]
[Termination "Salem-AR won on time"]

1. d4 d5 2. Nf3 Nf6 3. e3 c5 4. b3 Nc6 5. Bb2 e6 6. Be2 Be7 7.
O-O O-O 8. dxc5 Bxc5 9. a3 a5 10. Nc3 Bd7 11. Nb5 Rc8 12. c4 dxc4 13. bxc4 Qe7 14.
Qb3 Rfd8 15. Rfd1 Be8 16. Bd3 h6 17. h3 e5 18. Bf5 Rb8 19. Qc2 Bd7 20. Bxd7 Rxd7 21.
Rxd7 Nxd7 22. Rd1 Nf6 23. Qf5 Re8 24. a4 Qe6 25. Qxe6 Rxe6 26. g4 Re7 27. Kg2 Ne4 28.
Rd5 b6 29. Nxe5 Nb4 30. Rd8+ Kh7 31. Nd7 Nc6 32. Nf8+ Kg8 33. Rc8 Na7 34. Nxa7 Rxa7 35. Ne6+ Kh7 36. Nxg7 Rd7 37. Nf5 f6 38. Bd4 h5 39.
gxh5 Bxd4 40. exd4 Nc3 41. Rc6 Nxa4 42. Rxf6 Rc7 43. d5 Rxc4 44. Rf7+ Kh8 45. h6 Nc5 46. Ne7 1-0

[Event "Early-Titled-Tuesday-Blitz-April-16-2024"]
[Site "Chess.com"]
[Date "2024.04.16"]
[Round "8"]
[White "Yonousomodulo"]
[Black "Koalaskakistis"]
[Result "0-1"]
[WhiteElo "2429"]
[BlackElo "2570"]
[TimeControl "180+1"]
[EndTime "9:30:31 PDT"]
[Termination "Koalaskakistis won by resignation"]

1. c4 c5 2. g3 g6 3. Bg2 Bg7 4. Nc3 Nc6 5. a3 a5 6. Nf3 d6 7. d3 e6 8. O-O Nge7 9. Rb1 O-O 10. Bd2 d5 11. cxd5 exd5 12. Qc1 Re8 13. Bh6 Bh8 14.
Rd1 b6 15. Nb5 d4 16. Kf1 Be6 17. Bf4 Nd5 18. Bg5 Qd7 19. Bd2 a4 20. Be1 Na5 21. Nd2 Qxb5 22. Ne4 Nb3 23. Qg5 Qd7 24. Bf3 Qe7 25. Qxe7 Rxe7 26. Kg2 Rd8 27. h4 h6 28.
h5 g5 29. Nd2 g4 30. Be4 f5 31. Bxd5 Bxd5+ 32. Kf1 Rde8 33. Nxb3 Bxb3 34. Rd2 Bf6 35. f4 gxf3 36. exf3 f4 37. g4 Re3 38. Bf2 Rxf3 39. Re1 Rxf2+ 40. Rxf2 Rxe1+ 41. Kxe1 Bh4 42. Ke2 Bxf2 43.
Kxf2 Bd5 0-1

[Event "Early-Titled-Tuesday-Blitz-April-16-2024"]
[Site "Chess.com"]
[Date "2024.04.16"]
[Round "8"]
[White "LeninGuerra"]
[Black "schachlana"]
[Result "1-0"]
[WhiteElo "2763"]
[BlackElo "2336"]
[TimeControl "180+1"]
[EndTime "9:30:32 PDT"]
[Termination "LeninGuerra won by checkmate"]

1. e4 c5 2. Nf3 e6 3. b4 cxb4 4. a3 bxa3 5. Bxa3 Bxa3 6. Nxa3 Ne7 7. Bd3 O-O 8. O-O d5 9. e5 Ng6 10. h4 Nxh4 11. Nxh4 Qxh4 12. Nb5 Nc6 13. g3 Qe7 14. Kg2 Nxe5 15. Bxh7+ Kxh7 16. Qh5+ Kg8 17. Qxe5 Bd7 18. Nd4 f6 19. Qc7 Rfc8 20. Qxb7 Qd6 21. Ra6 Qc7 22. Rb1 Kh8 23. c3 e5 24. Rh1+ Kg8 25. Qxd5+ Kf8 26.
Rh8+ Ke7 27. Re6+ Bxe6 28. Qxe6# 1-0

[Event "Early-Titled-Tuesday-Blitz-April-16-2024"]
[Site "Chess.com"]
[Date "2024.04.16"]
[Round "8"]
[White "MaxLeto"]
[Black "Sasha_Solovev_777"]
[Result "1-0"]
[WhiteElo "2394"]
[BlackElo "2201"]
[TimeControl "180+1"]
[EndTime "9:30:33 PDT"]
[Termination "MaxLeto won by resignation"]

1. g4 d5 2. Bg2 Bxg4 3. c4 c6 4. Qb3 Qc7 5. cxd5 Nf6 6. Nc3 Bd7 7. d3 cxd5 8. Nxd5 Nxd5 9. Bxd5 Bc6 10. Bxf7+ Kd8 11.
Nf3 Nd7 12. Be3 Ne5 13. Nxe5 Qxe5 14. Rg1 Qxh2 15. O-O-O Qd6 16. Kb1 g6 17. Qc3 e5 18.
d4 Kc7 19. dxe5 Qb4 20. Qc1 Qe4+ 21. Ka1 Qxe5 22. Bf4 Bd6 23. Bxe5 1-0

[Event "Early-Titled-Tuesday-Blitz-April-16-2024"]
[Site "Chess.com"]
[Date "2024.04.16"]
[Round "8"]
[White "MathiasWomacka"]
[Black "MikhailBLR"]
[Result "1-0"]
[WhiteElo "2474"]
[BlackElo "2326"]
[TimeControl "180+1"]
[EndTime "9:30:37 PDT"]
[Termination "MathiasWomacka won by resignation"]

1. e4 e5 2. Nf3 Nc6 3. Bb5 a6 4. Bxc6 dxc6 5. O-O f6 6. d4 exd4 7. Nxd4 c5 8. Ne2 Qxd1 9. Rxd1 Bd7 10. Nbc3 O-O-O 11. Be3 b6 12. a4 a5 13. Nb5 Ne7 14. Bf4 Bxb5 15. Rxd8+ Kxd8 16. axb5 Ng6 17. Rd1+ Kc8 18. Bg3 Be7 19. Nc3 Rd8 20. Rxd8+ Bxd8 21. Nd5 Kd7 22. c4 Ne7 23. Kf1 c6 24. Nc3 cxb5 25. Nxb5 Nc8 26.
Ke2 Be7 27. Kd3 Bd8 28. f4 Nd6 29. Nxd6 Kxd6 30. f5+ Kd7 31. e5 fxe5 32. Bxe5 Bf6 33.
Ke4 Ke7 34. Kd5 Kd7 35. b3 Bxe5 36. Kxe5 b5 37. cxb5 c4 38. bxc4 a4 39. Kd4 Kd6 40.
g4 a3 41. Kc3 Kc5 42. g5 1-0

[Event "Early-Titled-Tuesday-Blitz-April-16-2024"]
[Site "Chess.com"]
[Date "2024.04.16"]
[Round "8"]
[White "temiksmozg"]
[Black "Seochesspie"]
[Result "0-1"]
[WhiteElo "2680"]
[BlackElo "2868"]
[TimeControl "180+1"]
[EndTime "9:30:38 PDT"]
[Termination "Seochesspie won on time"]

1. d4 Nf6 2. c4 e6 3. Nf3 b6 4. a3 Ba6 5. Qc2 Bb7 6. Nc3 c5 7. e4 cxd4 8. Nxd4 Bc5 9. Nb3 Nc6 10. Nxc5 bxc5 11. Be3 Nd4 12. Qd1 e5 13. Bd3 O-O 14.
O-O d6 15. b4 Nd7 16. f3 Re8 17. Rf2 Nf8 18. Rb1 Bc6 19. Rfb2 Nfe6 20. Bf1 h5 21. Nd5 h4 22. h3 Rf8 23. Qe1 cxb4 24. axb4 Bxd5 25. cxd5 Nf4 26. Rd1 Qg5 27. Kh1 f5 28.
Bxd4 exd4 29. Rxd4 Rae8 30. Qc1 Qg3 31. Rc2 Nh5 32.
exf5 Re1 33. Rg4 Rxc1 34. Rxc1 Qf2 35. Bd3 Ng3+ 36. Kh2 Qe3 37. Rd1 Nxf5 38. Bxf5 Rxf5 39. Re4 Qg5 40. Rdd4 Rxd5 41. Rg4 Qe5+ 42. Rdf4 Rd4 0-1

[Event "Early-Titled-Tuesday-Blitz-April-16-2024"]
[Site "Chess.com"]
[Date "2024.04.16"]
[Round "8"]
[White "Hui_Li_Macau"]
[Black "WilsonPalencia21"]
[Result "0-1"]
[WhiteElo "2399"]
[BlackElo "2585"]
[TimeControl "180+1"]
[EndTime "9:30:38 PDT"]
[Termination "WilsonPalencia21 won by checkmate"]

1. e4 c5 2. Nf3 d6 3. d4 cxd4 4. Nxd4 Nf6 5. Nc3 g6 6. Be3 Bg7 7. f3 O-O 8. Qd2 Nc6 9. O-O-O Nxd4 10. Bxd4 Be6 11. Kb1 Qc7 12. g4 Rfc8 13. h4 Qa5 14. a3 Rab8 15. h5 b5 16. Nd5 Qxd2 17. Rxd2 Nxd5 18.
Bxg7 Ne3 19. Bc3 Nxf1 20. Rxf1 g5 21. h6 f6 22. f4 Rc4 23. f5 Bc8 24. e5 fxe5 25. f6 Kf7 26. fxe7+ Kxe7 27. Bb4 Rb6 28. Rfd1 Bxg4 29. Rxd6 Rxb4 30. Rxb6 axb6 31. Rd5 Re4 32. Rxb5 Be6 33. Rxb6 Re1# 0-1

[Event "Early-Titled-Tuesday-Blitz-April-16-2024"]
[Site "Chess.com"]
[Date "2024.04.16"]
[Round "8"]
[White "Jospem"]
[Black "Nitzan_Steinberg"]
[Result "1/2-1/2"]
[WhiteElo "3061"]
[BlackElo "2904"]
[TimeControl "180+1"]
[EndTime "9:30:39 PDT"]
[Termination "Game drawn by repetition"]

1. e4 c5 2. Nf3 d6 3. c3 Nf6 4. h3 g6 5. Bd3 Bg7 6. Bc2 O-O 7. O-O b5 8. d4 Bb7 9. Re1 Nc6 10. Nbd2 cxd4 11. cxd4 Rc8 12. a3 Qb6 13. Nb3 Na5 14.
Nbd2 Rfd8 15. Bd3 a6 16. Nf1 d5 17. e5 Ne4 18. Ne3 Nc4 19. Qe2 f6 20. Ng4 h5 21. Nh6+ Kh7 22. Nf7 Rf8 23. e6 Kg8 24. Nh6+ Kh7 25. Nf7 Kg8 26. Nh6+ Kh7 27. Nf7 1/2-1/2

[Event "Early-Titled-Tuesday-Blitz-April-16-2024"]
[Site "Chess.com"]
[Date "2024.04.16"]
[Round "8"]
[White "Ariadna_Atreides"]
[Black "esrosenberg"]
[Result "1-0"]
[WhiteElo "2216"]
[BlackElo "2370"]
[TimeControl "180+1"]
[EndTime "9:30:39 PDT"]
[Termination "Ariadna_Atreides won by resignation"]

1. d4 d5 2. Nf3 Bf5 3. Bf4 e6 4.
e3 Bd6 5. Bd3 Ne7 6. O-O Nd7 7.
Bxd6 cxd6 8. c4 dxc4 9. Bxc4 d5 10. Bd3 O-O 11. Nc3 a6 12. a3 b5 13. Rc1 Rb8 14.
Bxf5 Nxf5 15. Qd3 Nd6 16. Rc2 Nc4 17. Rd1 f5 18. g3 f4 19. gxf4 Rf6 20. Ne5 Ndxe5 21.
fxe5 Rg6+ 22. Kh1 Qg5 23. f4 Qg4 24. Rf1 Rf8 25. Nd1 Rf5 26. Qe2 Qh3 27. Qf3 Qh4 28.
b3 Nxa3 29. Rc8+ Rf8 30. Rxf8+ Kxf8 31. f5 Rh6 32. fxe6+ 1-0

[Event "Early-Titled-Tuesday-Blitz-April-16-2024"]
[Site "Chess.com"]
[Date "2024.04.16"]
[Round "8"]
[White "MITerryble"]
[Black "JSPrepz"]
[Result "1-0"]
[WhiteElo "3054"]
[BlackElo "2821"]
[TimeControl "180+1"]
[EndTime "9:30:40 PDT"]
[Termination "MITerryble won by resignation"]

1. d4 d5 2. Bg5 f6 3. Bc1 e5 4. dxe5 fxe5 5. e4 Nf6 6. exd5 Bc5 7. Nc3 O-O 8. Be3 Bxe3 9. fxe3 Ng4 10. Nf3 Nxe3 11. Qd2 e4 12. Qxe3 exf3 13. O-O-O Bg4 14.
Rd4 Bh5 15. gxf3 Nd7 16. f4 Nf6 17. Bh3 Kh8 18. Be6 b5 19. Rg1 Rb8 20. f5 Qe7 21. Rh4 Nxd5 22. Qh3 Nxc3 23. Rxh5 Ne2+ 24. Kd2 Qb4+ 25.
Kxe2 Qe4+ 26. Kf1 Qf4+ 27. Kg2 h6 28. Kh1 Rbe8 29. Qg2 Re7 30. Rh3 Rf6 31. Rg3 Rfxe6 32. fxe6 Rxe6 33. Rxg7 1-0

[Event "Early-Titled-Tuesday-Blitz-April-16-2024"]
[Site "Chess.com"]
[Date "2024.04.16"]
[Round "8"]
[White "RantomOpening"]
[Black "kekic76"]
[Result "1-0"]
[WhiteElo "2521"]
[BlackElo "2343"]
[TimeControl "180+1"]
[EndTime "9:30:42 PDT"]
[Termination "RantomOpening won by checkmate"]

1. d4 d5 2. c4 e6 3. Nc3 Nf6 4. Bg5 Be7 5. Bxf6 Bxf6 6. e3 O-O 7. Nf3 b6 8. cxd5 exd5 9. Bd3 Be6 10. h4 h6 11. Qc2 c5 12. O-O-O cxd4 13. Nxd4 Bxd4 14.
exd4 Nc6 15. Bh7+ Kh8 16. Bf5 Nb4 17. Qb1 Rc8 18. Bxe6 fxe6 19. a3 Nc6 20. Qc2 Qf6 21. Rhf1 Nxd4 22. Qd3 Nb3+ 23. Kb1 Qf5 24. Qxf5 Rxf5 25.
f3 a6 26. Rfe1 Nc5 27. b4 Nd7 28. Kb2 Nf8 29. Na4 Rc6 30. Rc1 Rd6 31. Rc8 d4 32. Kc2 Kh7 33. Kd3 Rh5 34. Rxf8 Rxh4 35. Re4 Rh2 36.
Rxd4 Rc6 37. Rg4 h5 38. Rg5 h4 39. Rb8 Kh6 40. f4 e5 41. Rh8# 1-0

[Event "Early-Titled-Tuesday-Blitz-April-16-2024"]
[Site "Chess.com"]
[Date "2024.04.16"]
[Round "8"]
[White "Sanyura"]
[Black "SaiAgni_98"]
[Result "1-0"]
[WhiteElo "2598"]
[BlackElo "2482"]
[TimeControl "180+1"]
[EndTime "9:30:45 PDT"]
[Termination "Sanyura won by resignation"]

1. e4 c6 2. d4 d5 3. Nc3 dxe4 4. Nxe4 Nf6 5. Nxf6+ exf6 6. c3 Bd6 7. Bd3 O-O 8.
Ne2 Re8 9. Qc2 h5 10. O-O h4 11. h3 Nd7 12. Be3 Nf8 13. Rad1 Bd7 14. c4 Rc8 15. Rfe1 Bb8 16. Qc1 g6 17. Bf4 Bxf4 18. Qxf4 g5 19. Qf3 Ng6 20. Bxg6 fxg6 21. d5 c5 22. Nc3 Kg7 23.
d6 Bc6 24. Rxe8 Qxe8 25. d7 Bxd7 26. Qxb7 Rd8 27. Ne4 Kh6 28. Nxf6 Qe2 29. Qd5 Ba4 30. Qxd8 Qxd1+ 31. Qxd1 Bxd1 32. Ne4 Be2 33. b3 g4 34.
hxg4 Bxg4 35. f3 Bf5 36. Nxc5 Kg5 37. Kf2 Kf4 38. Nb7 Bb1 39. a3 Ba2 40. Na5 g5 41. c5 Ke5 42. b4 Kd4 43. Nc6+ Kc3 44. Nxa7 Kb3 45. c6 Kxa3 46. c7 Be6 47. b5 1-0

[Event "Early-Titled-Tuesday-Blitz-April-16-2024"]
[Site "Chess.com"]
[Date "2024.04.16"]
[Round "8"]
[White "Kildepiotr"]
[Black "dvglko"]
[Result "1-0"]
[WhiteElo "2705"]
[BlackElo "2492"]
[TimeControl "180+1"]
[EndTime "9:30:47 PDT"]
[Termination "Kildepiotr won by resignation"]

1. Nf3 c5 2. e4 d6 3. Bb5+ Nd7 4. c3 a6 5. Ba4 b5 6. Bc2 Bb7 7. O-O g6 8. d4 Bg7 9. d5 Ngf6 10. h3 O-O 11.
Bf4 Ne8 12. Nbd2 Ne5 13. Nxe5 dxe5 14. Be3 Rc8 15. Nb3 Qd6 16. a4 f5 17. f3 f4 18.
Bf2 c4 19. Na5 Ba8 20. Qd2 e6 21. axb5 axb5 22. Rfd1 exd5 23. exd5 Nf6 24. b4 Rfd8 25. Be4 Nxd5 26. Nxc4 bxc4 27. Rxa8 Rxa8 28. Bc5 Qe6 29. Bxd5 Rxd5 30. Qxd5 Qxd5 31. Rxd5 Ra3 32. Rd8+ Kf7 33. Rd7+ Kg8 34. b5 Rxc3 35. b6 Rb3 36. b7 c3 37. Rd8+ Kf7 38. b8=Q c2 39. Qxb3+ 1-0

[Event "Early-Titled-Tuesday-Blitz-April-16-2024"]
[Site "Chess.com"]
[Date "2024.04.16"]
[Round "8"]
[White "maracayo"]
[Black "Vasily_IM"]
[Result "0-1"]
[WhiteElo "2373"]
[BlackElo "2560"]
[TimeControl "180+1"]
[EndTime "9:30:47 PDT"]
[Termination "Vasily_IM won by checkmate"]

1. e4 c5 2. Nf3 e6 3. d3 d5 4. Nbd2 Nc6 5. Be2 Nf6 6. O-O Be7 7. c3 b6 8. Re1 Bb7 9. Bf1 Qc7 10. exd5 Nxd5 11.
d4 cxd4 12. cxd4 O-O 13. a3 Rad8 14. Qc2 Ne5 15. Qb3 Nxf3+ 16. Nxf3 Nf6 17. Be3 Bxf3 18.
gxf3 Nd5 19. Rac1 Qb7 20. f4 Bf6 21. Bg2 Qb8 22. f5 Nxe3 23. fxe3 exf5 24. Rf1 g6 25. Rc6 Bg7 26. h4 Rfe8 27. Rf3 Rd6 28. Rxd6 Qxd6 29. h5 Rc8 30. hxg6 hxg6 31. d5 Qe5 32. Rf1 Bh6 33. Kf2 Re8 34. Re1 f4 35. e4 Bg7 36. Rh1 Qd4+ 37. Kf1 Rc8 38. Bf3 Rc1+ 39.
Kg2 Qd2+ 40. Kh3 Qf2 41. Rxc1 Qg3# 0-1

[Event "Early-Titled-Tuesday-Blitz-April-16-2024"]
[Site "Chess.com"]
[Date "2024.04.16"]
[Round "8"]
[White "frederiksvane"]
[Black "HansOnTwitch"]
[Result "1-0"]
[WhiteElo "3082"]
[BlackElo "3156"]
[TimeControl "180+1"]
[EndTime "9:30:48 PDT"]
[Termination "frederiksvane won on time"]

1. e4 c5 2. Nf3 d6 3. d4 cxd4 4.
Nxd4 Nf6 5. Nc3 a6 6. h3 e5 7. Nb3 h6 8. Be3 Nbd7 9. a4 b6 10.
Bc4 Bb7 11. Qd3 Be7 12. O-O O-O 13. Rfd1 Qc7 14. Nd2 Rfc8 15. Bb3 Bc6 16. Nf1 Nc5 17.
Bxc5 dxc5 18. Ne3 Rd8 19. Ncd5 Nxd5 20. Nxd5 Qb7 21. Qf3 Rf8 22. Qg3 b5 23. axb5 axb5 24.
Rxa8 Rxa8 25. Qxe5 Bf8 26. Nc7 c4 27. Nxa8 Qxa8 28.
Bxc4 bxc4 29. Qc7 Be8 30. Rd8 Qxe4 31. Qb8 Bc6 32. Rxf8+ Kh7 33. Rh8+ Kg6 34. Qg3+ Kf6 35. Rd8 Qxc2 36. Rd6+ 1-0

[Event "Early-Titled-Tuesday-Blitz-April-16-2024"]
[Site "Chess.com"]
[Date "2024.04.16"]
[Round "8"]
[White "Laico"]
[Black "jodarmarlon1985"]
[Result "0-1"]
[WhiteElo "2400"]
[BlackElo "2298"]
[TimeControl "180+1"]
[EndTime "9:30:48 PDT"]
[Termination "jodarmarlon1985 won by checkmate"]

1. e4 e5 2. Nc3 Nf6 3. f4 d5 4.
fxe5 Nxe4 5. Qf3 f5 6. d3 Nxc3 7. bxc3 d4 8. Qg3 Nc6 9. Nf3 dxc3 10. Be3 Be6 11. Be2 Qd7 12. O-O O-O-O 13. d4 h6 14. Nh4 g5 15. Nxf5 Bxf5 16. Rxf5 Nxd4 17.
Bxd4 Qxd4+ 18. Kh1 Bc5 19. Rb1 Rhf8 20. Rxf8 Rxf8 21.
Qh3+ Kb8 22. Bf3 Bb6 23. Qxh6 Qf4 24. e6 Qd6 25. Re1 Qe7 26. Rd1 g4 27. Bxg4 a5 28.
Bf3 Rd8 29. Rf1 Rd2 30. Qg6 Ka7 31. h4 Qxh4# 0-1

[Event "Early-Titled-Tuesday-Blitz-April-16-2024"]
[Site "Chess.com"]
[Date "2024.04.16"]
[Round "8"]
[White "BogdanDeac"]
[Black "ValentunHulka"]
[Result "1-0"]
[WhiteElo "3020"]
[BlackElo "2800"]
[TimeControl "180+1"]
[EndTime "9:30:50 PDT"]
[Termination "BogdanDeac won by resignation"]

1. d4 d5 2. c4 e6 3. Nf3 Nf6 4. g3 dxc4 5. Bg2 Nbd7 6. Nfd2 Nb6 7. Nxc4 Nxc4 8. Qa4+ Bd7 9. Qxc4 c5 10. dxc5 Rc8 11. b4 Qc7 12. Nc3 Bc6 13. Nb5 Qd7 14. Bxc6 bxc6 15.
Nc3 Be7 16. O-O O-O 17. Rd1 Qb7 18. Bf4 a6 19. Bd6 Nd5 20. Bxe7 Nxe7 21. e4 Ng6 22. f4 Rfd8 23. Rd6 Ne7 24. Rad1 Qb8 25. Qxa6 Rxd6 26.
cxd6 Ng6 27. Na4 Rd8 28. Qb6 Qa8 29. Nc5 Nf8 30. Qa5 Qb8 31. d7 h5 32. a4 h4 33. e5 hxg3 34. hxg3 g5 35. Kg2 Kg7 36. Qxd8 Qxd8 37. Nb7 Qb6 38. d8=Q Qxb7 39. Qxg5+ Ng6 40. Qf6+ Kg8 41. f5 exf5 42. e6 c5+ 43. Kh2 1-0

[Event "Early-Titled-Tuesday-Blitz-April-16-2024"]
[Site "Chess.com"]
[Date "2024.04.16"]
[Round "8"]
[White "karinachess1"]
[Black "francyIM"]
[Result "0-1"]
[WhiteElo "2618"]
[BlackElo "2809"]
[TimeControl "180+1"]
[EndTime "9:30:50 PDT"]
[Termination "francyIM won on time"]

1. d4 Nf6 2. c4 e6 3. Nc3 d5 4.
cxd5 exd5 5. Bg5 c6 6. e3 Be7 7. Bd3 Nbd7 8. h3 Nf8 9. Nf3 Ne6 10. Bh4 g6 11. Qc2 Ng7 12. g4 h5 13. Ne5 hxg4 14.
Bxg6 Be6 15. Bxf6 Bxf6 16. Bd3 gxh3 17. O-O-O Qe7 18. Kb1 O-O-O 19. Na4 Kb8 20. f4 Ka8 21. Nc5 Bc8 22. Qa4 Rd6 23. Rc1 Bf5 24. Rc3 Bxe5 25.
fxe5 Rg6 26. Ra3 b6 27. e6 Bxd3+ 28. Nxd3 Rxe6 29. Ne5 Qb7 30. Rc3 c5 31. Nf3 c4 32.
Rc2 Rxe3 33. Ne5 f6 34. Ng6 Rhe8 35. Rcc1 Nh5 36. Nh4 b5 37. Qb4 Qd7 38. Ka1 Ng3 0-1

[Event "Early-Titled-Tuesday-Blitz-April-16-2024"]
[Site "Chess.com"]
[Date "2024.04.16"]
[Round "8"]
[White "CD3m"]
[Black "UnTucopalaTimba"]
[Result "1-0"]
[WhiteElo "2344"]
[BlackElo "2023"]
[TimeControl "180+1"]
[EndTime "9:30:51 PDT"]
[Termination "CD3m won by resignation"]

1. d4 Nf6 2. Bg5 e6 3. e4 Be7 4.
Nd2 d5 5. e5 Nfd7 6. Bxe7 Qxe7 7. Bd3 c5 8. c3 Nc6 9. Ne2 a5 10. O-O b6 11. f4 Ba6 12. Bxa6 Rxa6 13. c4 cxd4 14. cxd5 exd5 15. Nf3 O-O 16. Rc1 b5 17. Nexd4 Nxd4 18. Qxd4 Nb6 19. Rc6 Qb7 20. Rfc1 Nc4 21. Rxa6 Qxa6 22. b3 Na3 23. Qxd5 Qg6 24. Qd6 Qe4 25.
Qxa3 Qxf4 26. Qc5 h6 27. Rf1 Rb8 28. Qd5 Qe3+ 29. Kh1 Re8 30. Qxb5 g6 31. Qxe8+ 1-0

[Event "Early-Titled-Tuesday-Blitz-April-16-2024"]
[Site "Chess.com"]
[Date "2024.04.16"]
[Round "8"]
[White "littlepinkyboy"]
[Black "JoliyRoger"]
[Result "1-0"]
[WhiteElo "2665"]
[BlackElo "2423"]
[TimeControl "180+1"]
[EndTime "9:30:52 PDT"]
[Termination "littlepinkyboy won on time"]

1. e4 c6 2. d4 d5 3. Nc3 dxe4 4. Nxe4 Bf5 5. Ng3 Bg6 6. Nf3 Nd7 7.
h4 h6 8. Bd3 Bxd3 9. Qxd3 Qc7 10. Bd2 e6 11. O-O-O Ngf6 12. Rhe1 O-O-O 13. Ne4 Nxe4 14.
Qxe4 Nf6 15. Qe2 Bd6 16. Kb1 Rhe8 17. c4 c5 18. Bc3 cxd4 19. Bxd4 Bc5 20. Be5 Qb6 21.
Rxd8+ Rxd8 22. Rf1 Qc6 23. Bxf6 gxf6 24. b3 a6 25. g4 Qb6 26. g5 hxg5 27. hxg5 fxg5 28. Nxg5 Rd7 29. Ne4 Bd4 30. c5 Qb4 31. Rc1 Rc7 32. Rc4 Qb5 33. Nd6+ 1-0

[Event "Early-Titled-Tuesday-Blitz-April-16-2024"]
[Site "Chess.com"]
[Date "2024.04.16"]
[Round "8"]
[White "dontcatchmeifyoucant"]
[Black "GreenPeach24"]
[Result "1-0"]
[WhiteElo "2230"]
[BlackElo "2430"]
[TimeControl "180+1"]
[EndTime "9:30:53 PDT"]
[Termination "dontcatchmeifyoucant won by checkmate"]

1. e4 c6 2. d4 d5 3. e5 c5 4. dxc5 e6 5. Nf3 Bxc5 6. a3 Ne7 7.
b4 Bb6 8. Bb2 a5 9. Nbd2 Ba7 10.
Bd3 Nd7 11. O-O Ng6 12. g3 Qc7 13. Qe2 a4 14. c4 Nb6 15. c5 Nd7 16. Rac1 Bb8 17.
Rfe1 O-O 18. h4 h6 19. h5 Ne7 20. g4 f5 21. exf6 Nxf6 22. Ne5 Qd8 23. Ndf3 Qe8 24.
Nh4 Nc6 25. Neg6 e5 26. Nxf8 Bxg4 27. f3 Bxh5 28. Nfg6 e4 29. Bxf6 gxf6 30. Qg2 Bxg6 31.
Nxg6 f5 32. fxe4 fxe4 33. Bxe4 dxe4 34. Rxe4 Qf7 35. Rf1 Qd7 36. Ne7+ Kh7 37. Qg6+ Kh8 38. Qg8# 1-0

[Event "Early-Titled-Tuesday-Blitz-April-16-2024"]
[Site "Chess.com"]
[Date "2024.04.16"]
[Round "8"]
[White "GeorgiosSouleidis"]
[Black "Bastiandash"]
[Result "1-0"]
[WhiteElo "2662"]
[BlackElo "2533"]
[TimeControl "180+1"]
[EndTime "9:30:55 PDT"]
[Termination "GeorgiosSouleidis won by resignation"]

1. e4 c5 2. Be2 e6 3. d3 d5 4. f4 Nc6 5. Nf3 g6 6. O-O Bg7 7. c3 Nge7 8. Na3 O-O 9. Nc2 c4 10. e5 cxd3 11. Bxd3 Bd7 12. Ncd4 Nxd4 13. Nxd4 Rc8 14. Be3 a6 15. Qe2 Nc6 16. Nxc6 Bxc6 17. Bd4 Re8 18. a3 Qd7 19. g4 Bb5 20. Bxb5 axb5 21.
Rae1 Rc4 22. Qg2 Kh8 23. Kh1 Qe7 24. Qg3 f5 25. gxf5 gxf5 26. Rg1 Rg8 27. Qh3 Qf7 28. Rg2 Bf8 29. Rxg8+ Qxg8 30. Rg1 Qf7 31. Qh4 Be7 32. Qh6 Rc8 33. Rg3 Rg8 34. Kg2 Rxg3+ 35. hxg3 Qg6 36. Qh1 Qg4 37. Qf1 h5 38. Qxb5 Kg7 39. Qe8 Qe2+ 40.
Bf2 Bc5 41. Qd7+ Kg8 42. Qc8+ Bf8 43. Qxe6+ Kh8 44. Qxf5 Qxb2 45. Qxf8+ 1-0